 Dungeon Crawl Stone Soup version 0.21-a0-356-g45b0a09 (webtiles) character file.

1315 tof the Twirler (level 8, 0/68 HPs)
             Began as a Minotaur Gladiator on Oct 12, 2017.
             Slain by tof's ghost (13 damage)
             ... on level 5 of the Dungeon.
             The game lasted 00:08:55 (4502 turns).

tof the Twirler (Minotaur Gladiator)                Turns: 4502, Time: 00:08:57

Health: 0/68       AC: 14    Str: 17    XL:     8   Next: 33%
Magic:  7/7        EV: 13    Int:  5    God:
Gold:   250        SH:  3    Dex: 13    Spells: 7/7 levels left

rFire    . . .     SeeInvis .   a - +0 quarterstaff
rCold    . . .     Gourm    .   (shield currently unavailable)
rNeg     . . .     Faith    .   k - +0 ring mail
rPois    .         Spirit   .   c - +0 hat
rElec    .         Reflect  +   e - +2 cloak
rCorr    .         Harm     .   (no gloves)
MR       .....                  y - +0 pair of boots
Stlth    +.........             A - +3 amulet of reflection
HPRegen  0.21/turn              p - -3 ring of strength (curse)
MPRegen  0.10/turn              G - +3 ring of protection

@: no status effects
A: retaliatory headbutt, horns 2
a: no special abilities


You were on level 5 of the Dungeon.
You were hungry.

You visited 1 branch of the dungeon, and saw 5 of its levels.

You collected 376 gold pieces.
You spent 126 gold pieces at shops.

Inventory:

Hand Weapons
 a - a +0 quarterstaff (weapon)
Missiles
 d - 3 throwing nets
 i - 3 javelins
 m - 27 poisoned needles
 r - 9 tomahawks (quivered)
Armour
 c - a +0 hat (worn)
 e - a +2 cloak (worn)
 k - a +0 ring mail (worn)
 y - a +0 pair of boots (worn)
Jewellery
 j - an uncursed ring of protection from fire
 o - an uncursed ring of poison resistance
 p - a cursed -3 ring of strength (left hand)
 v - an uncursed ring of protection from fire
 A - a +3 amulet of reflection (around neck)
 G - a +3 ring of protection (right hand)
Scrolls
 b - 2 scrolls of fog
 g - 2 scrolls of fear
 l - a scroll of enchant armour
 s - 4 scrolls of teleportation
 u - a scroll of enchant weapon {unknown}
 w - 3 scrolls of magic mapping
 x - a scroll of immolation {unknown}
 z - a scroll of identify
 F - a scroll of remove curse {unknown}
 H - a scroll of blinking {unknown}
Potions
 q - 2 potions of might {unknown}
 t - 2 potions of brilliance {unknown}
 B - 2 potions of curing {unknown}
 C - 2 potions of agility {unknown}
 E - a potion of flight {unknown}
Comestibles
 f - 2 bread rations
 h - a meat ration
 n - 3 chunks of flesh
 D - a royal jelly


   Skills:
 + Level 5.2 Fighting
 * Level 7.4 Staves
 + Level 4.1 Throwing
 * Level 6.3 Armour
 + Level 5.2 Dodging


You had 7 spell levels left.
You didn't know any spells.

Dungeon Overview and Level Annotations

Branches:
Dungeon (5/15)
 Temple: D:4-7

Altars:
Kikubaaqudgha
Ru
Zin
Beogh

Shops:
D:4 ?

Annotations:
D:5 tof's ghost, novice BaGl


Innate Abilities, Weirdness & Mutations

You reflexively headbutt those who attack you in melee.
You have a pair of horns on your head.


Message History

Tof's ghost wails, "You will join me soon!"
Tof's ghost misses you.
You hit tof's ghost but do no damage.
Tof's ghost is almost destroyed.
Tof's ghost hits you but does no damage.
You miss tof's ghost.
Tof's ghost is severely damaged.
Tof's ghost hits you.
You hit tof's ghost.
Tof's ghost is almost destroyed.
Tof's ghost hits you!
* * * LOW HITPOINT WARNING * * *
You hit tof's ghost but do no damage.
Tof's ghost is almost destroyed.
Tof's ghost hits you.
* * * LOW HITPOINT WARNING * * *
You hit tof's ghost but do no damage. Your headbutt misses tof's ghost.
Tof's ghost is almost destroyed.
Tof's ghost hits you!
You die...

.............>.............#
...........................#
.##...=###..##..##..##...##
##....###..###'##))#######
#...............#........#
#...............#.......###
#.......).......#.......##.
#.........W.....#..........
#.........@.....#..).......
##....###...#####.##....##.
#....###...##.###########.
...........................
.........................##.
..........................##
#######'##....######.#
####....#########...##
#.......#......#.....#


You could see tof's ghost.

Vanquished Creatures
  Menkaure (D:4)
  2 ice beasts (D:5)
  2 ogres (D:4)
  2 phantoms
  A water moccasin skeleton (D:5)
  A scorpion (D:4)
  A crimson imp (D:4)
  A hound (D:4)
  A jelly (D:4)
  2 orc priests (D:4)
  2 iguanas (D:4)
  3 worker ants (D:4)
  A killer bee zombie (D:5)
  A hound skeleton (D:5)
  8 gnolls (D:5)
  8 adders
  An adder skeleton (D:4)
  A worm (D:4)
  2 dart slugs
  20 orcs
  5 giant cockroaches
  9 goblins
  6 hobgoblins
  12 jackals
  A quokka (D:4)
  A ball python (D:2)
  6 bats
  4 frilled lizards
  8 kobolds
  7 rats
120 creatures vanquished.

Notes
Turn   | Place    | Note
-------+----------+-------------------------------------------
     0 | D:1      | tof the Minotaur Gladiator began the quest for the Orb.
     0 | D:1      | Reached XP level 1. HP: 18/18 MP: 0/0
   148 | D:1      | Reached XP level 2. HP: 25/25 MP: 1/1
   178 | D:1      | Reached skill level 1 in Armour
   327 | D:1      | Reached skill level 4 in Staves
   483 | D:2      | Reached XP level 3. HP: 26/30 MP: 2/2
   704 | D:2      | Reached XP level 4. HP: 34/38 MP: 3/3
   782 | D:2      | Found a sacrificial altar of Ru.
  1118 | D:3      | You fall through a shaft!
  1303 | D:4      | Noticed Menkaure
  1309 | D:4      | Reached XP level 5. HP: 14/45 MP: 4/4
  1318 | D:4      | Killed Menkaure
  1318 | D:4      | Reached skill level 5 in Staves
  1639 | D:4      | Reached XP level 6. HP: 43/52 MP: 5/5
  2060 | D:4      | Found Niomig's Magic Scroll Shop.
  2077 | D:4      | Bought a scroll of teleportation for 36 gold pieces
  2077 | D:4      | Bought a scroll of magic mapping for 42 gold pieces
  2077 | D:4      | Bought a scroll of identify for 24 gold pieces
  2077 | D:4      | Bought a scroll of identify for 24 gold pieces
  2445 | D:4      | Found a roughly hewn altar of Beogh.
  2461 | D:4      | Reached skill level 6 in Staves
  2461 | D:4      | Reached XP level 7. HP: 59/59 MP: 6/6
  2700 | D:4      | Found a sacrificial altar of Ru.
  3206 | D:3      | Found a glowing silver altar of Zin.
  3207 | D:3      | Noticed an angel
  3484 | D:5      | Entered Level 5 of the Dungeon
  3506 | D:4      | Reached skill level 5 in Armour
  4080 | D:5      | Reached skill level 7 in Staves
  4080 | D:5      | Reached skill level 5 in Dodging
  4080 | D:5      | Reached XP level 8. HP: 52/67 MP: 7/7
  4165 | D:5      | Found an ancient bone altar of Kikubaaqudgha.
  4273 | D:5      | Reached skill level 5 in Fighting
  4460 | D:5      | Noticed tof's ghost (novice BaGl)
  4502 | D:5      | Slain by tof's ghost

Vault maps used:
D:1:      sevenhm_arrival_forest_fort_small_3, minmay_tetromino_s2
D:2:      nicolae_ru_sacrificial_ziggurat
D:3:      zin_angel, first_bread, hangedman_decor_diamond_cutter
D:4:      marbit_many_paths, serial_shops,
          nicolae_shop_temple_entry_statues_fountains, serial_bayou_lagoon_a,
          kennysheep_orc_chapel, uniq_menkaure
D:5:      kiku_gazebo_pond_becter, serial_shops, shop

Skill      XL: |  1  2  3  4  5  6  7  8 |
---------------+-------------------------+-----
Armour         | 1 2 3 4 5 6 |  6.3
Staves         | 4 5 6 7 |  7.4
Fighting       | 3 4 5 |  5.2
Dodging        | 4 5 |  5.2
Throwing       | 3 4 |  4.1

Action                   |  1- 3 |  4- 6 |  7- 9 || total
-------------------------+-------+-------+-------++-------
Melee: Quarterstaff      |    63 |   122 |   163 ||   348
       Headbutt          |    10 |    21 |    28 ||    59
  Use: Potion            |       |     1 |       ||     1
       Scroll            |       |     3 |     1 ||     4
  Eat: Chunk             |       |     5 |     6 ||    11
Armor: Leather armour    |     7 |       |       ||     7
       Ring mail         |    21 |    56 |    68 ||   145
Dodge: Dodged            |    44 |    86 |   107 ||   237
Block: Other             |       |       |    17 ||    17
       Reflection        |       |       |     1 ||     1

Table legend:
 A = Spawn XP
 B = Non-spawn XP
 C = Spawn XP percentage of total XP
 D = Spawn monster count
 E = Non-spawn monster count
 F = Spawn count percentage of total count
 G = Total turns spent on level
                    A         B        C        D         E        F      G
               +---------+---------+-------+---------+---------+-------+---------
         Total |       0 |    1879 |   0.0 |       0 |     120 |   0.0 |  4502
               +---------+---------+-------+---------+---------+-------+---------
           D:1 |       0 |      26 |   0.0 |       0 |      15 |   0.0 |   442
           D:2 |       0 |     109 |   0.0 |       0 |      33 |   0.0 |   625
           D:3 |       0 |     161 |   0.0 |       0 |      17 |   0.0 |   543
           D:4 |       0 |     949 |   0.0 |       0 |      37 |   0.0 |  2322
           D:5 |       0 |     634 |   0.0 |       0 |      18 |   0.0 |   570
               +---------+---------+-------+---------+---------+-------+---------
